 Dungeon Crawl Stone Soup version 0.28.0-53-g5a82cb258f (webtiles) character file.

Game seed: 17337615974245763737

2194 Zeld the Destroyer (level 9, 0/51 HPs)
             Began as an Octopode Conjurer on May 22, 2022.
             Slain by a black bear (6 damage)
             ... on level 6 of the Dungeon.
             The game lasted 00:08:45 (7720 turns).

Zeld the Destroyer (Octopode Conjurer)              Turns: 7720, Time: 00:08:46

Health: 0/51       AC:  1    Str: 10    XL:     9   Next: 34%
Magic:  1/19       EV: 13    Int: 31    God:
Gold:   256        SH:  0    Dex: 13    Spells: 11/22 levels left

rFire   + . .      SeeInvis .   a - staff of conjuration
rCold   . . .      Faith    .   (no shield)
rNeg    . . .      Spirit   .   (helmet restricted)
rPois   .          Reflect  .   o - amulet "Worurhergh" {Regen+ rCorr Str+4}
rElec   .          Harm     .   q - +6 ring of intelligence
rCorr   +          Rampage  .   r - ring of flight
Will    .....                   u - ring "Moscheso" {Wiz rF+ Dex+3}
Stlth   +++++.....              (no ring)
HPRegen 0.97/turn               (no ring)
MPRegen 0.16/turn               (no ring)
                                (no ring)
                                (no ring)

@: flying
A: almost no armour, amphibious, 8 rings, camouflage 1, gelatinous body 1,
(nimble swimmer 1), tentacles
a: no special abilities


You were on level 6 of the Dungeon.
You visited 1 branch of the dungeon, and saw 6 of its levels.
You also visited: Sewer.

You collected 256 gold pieces.

Inventory:

Magical Staves
 a - a staff of conjuration (weapon)
Jewellery
 o - the amulet "Worurhergh" (around mantle) {Regen+ rCorr Str+4}
   (You found it on level 3 of the Dungeon)

   [amulet of regeneration]

   Str:       It affects your strength (+4).
   Regen:     It increases your rate of health regeneration.
   rCorr:     It protects you from acid and corrosion.
 q - a +6 ring of intelligence (left tentacle)
 r - a ring of flight (right tentacle)
 u - the ring "Moscheso" (on tentacle) {Wiz rF+ Dex+3}
   (You found it on level 5 of the Dungeon)

   [ring of wizardry]

   It improves your spell success rate.
   Dex:       It affects your dexterity (+3).
   rF:        It protects you from fire.
Scrolls
 b - a scroll of fear
 c - 4 scrolls of teleportation
 f - 2 scrolls of enchant weapon
 p - 3 scrolls of enchant armour
 v - a scroll of noise {unknown}
 w - a scroll of summoning {unknown}
 x - a scroll of holy word {unknown}
 y - a scroll of immolation {unknown}
Potions
 d - 5 potions of brilliance {unknown}
 e - a potion of lignification {unknown}
 g - 2 potions of curing {unknown}
 h - a potion of haste {unknown}
 i - a potion of mutation {unknown}
 j - a potion of degeneration {unknown}
 k - 2 potions of flight {unknown}
 l - 2 potions of invisibility {unknown}
 s - a potion of attraction {unknown}
 t - a potion of cancellation {unknown}
 z - 2 potions of might
 A - 2 potions of ambrosia {unknown}
 B - a potion of heal wounds {unknown}
 C - 2 potions of magic {unknown}


   Skills:
 - Level 2.0 Dodging
 + Level 7.9 Stealth
 * Level 7.0 Spellcasting
 * Level 8.5 Conjurations
 - Level 2.0 Hexes
 - Level 2.0 Translocations


You had 11 spell levels left.
You knew the following spells:

 Your Spells              Type           Power      Damage    Failure   Level
a - Magic Dart            Conj           100%       1d8       1%          1
b - Searing Ray           Conj           100%       2d8       1%          2
c - Fulminant Prism       Conj/Hex       30%        3d16      1%          4
d - Iskenderun's Mystic   Conj/Tloc      60%        2d13      1%          4

Your spell library contained the following spells:

 Spells                   Type           Power      Damage    Failure   Level
 Apportation              Tloc           46%        N/A       1%          1
 Sandblast                Erth           20%        2d7       1%          1
 Dazzling Flash           Conj/Hex       100%       N/A       1%          3
 Stone Arrow              Conj/Erth      100%       3d13      1%          3
 Passwall                 Tmut/Erth      8%         N/A       2%          2
 Confusing Touch          Hex            23%        N/A       2%          3
 Yara's Violent Unravell  Hex/Tmut       8%         3d5       32%         5
 Alistair's Intoxication  Tmut/Pois      6%         N/A       43%         5
 Enfeeble                 Hex            11%        N/A       99%         7


Dungeon Overview and Level Annotations

Branches:
Dungeon (6/15)              Sewer (visited)
 Temple: D:4-7

Altars:
Ashenzari
Gozag
Makhleb
Ru
Uskayaw
Wu Jian
The Shining One

Shops:
D:2 (   D:6 [


Innate Abilities, Weirdness & Mutations

You cannot wear most types of armour.
You are amphibious.
You can wear up to eight rings at the same time.
Your skin changes colour to match your surroundings (Stealth+).
Your rubbery body absorbs attacks. (AC +1, EV +1)
((You are camouflaged when in or above water. (Stealth+)))
You have tentacles for arms and can constrict up to eight enemies at once.


Message History

You feel sick.
An ice beast comes into view.
You feel sick.
Found a scroll labelled ARRAMI HOQU.
You feel sick.
You are no longer poisoned.
You hear an angry growl.
The black bear barely misses you. The black bear completely misses you.
The black bear misses you. The black bear closely misses you.
The black bear claws you. x2
Found 6 bolts.
The black bear closely misses you. The black bear claws you.
The black bear claws you!
The black bear rages.
The black bear bites you. The black bear misses you. The black bear claws you.
The black bear bites you. The black bear claws you. The black bear claws you!
* * * LOW HITPOINT WARNING * * *
Casting: Iskenderun's Mystic Blast (dangerous; 1% risk of failure)
Confirm with . or Enter, or press ? or * to list all spells.
Aiming: Searing Ray (safe; 1% risk of failure)
Press: ? - help, Shift-Dir - straight line, f - ice beast
Aim: an ice beast (83% to hit)
You feel a surge of power!
The searing ray hits the black bear!
The black bear is almost dead.
The searing ray hits the ice beast.
The ice beast is moderately wounded. (Press . to maintain the ray.)
The black bear bites you.
* * * LOW HITPOINT WARNING * * *
The black bear closely misses you. The black bear barely misses you.
Unknown command.
Unknown command.
Okay, then.
Okay, then.
As you read the scroll of fear, it crumbles to dust.
You assume a fearsome visage.
The black bear is unaffected.
The ice beast looks frightened!
The black bear bites you.
* * * LOW HITPOINT WARNING * * *
The black bear barely misses you. The black bear closely misses you. x2
The black bear claws you.
You die...

#.#.##..# .# #..
.......#### .###.#
#.#.##.....# #†#.#
........##.####..#
#............)...#
....###.####.#.#.### #.#
#.# #...#...### . #.#
#.#####...#
.#####.####@..#...#.#
....(....Y.h...#.##..####
.###.#<.###########≈≈...#
# #..# #≈≈≈≈≈?.#≈≈≈..#
#...##≈#######≈#...#
...##≈≈≈≈≈≈≈≈#≈≈≈..##
....#########÷#≈#≈...#
.....##≈##≈≈≈≈≈#≈≈≈≈..#
.....# #≈≈≈≈#≈#≈#≈#≈...#


You could see a black bear (berserk) and an ice beast (fleeing).

Vanquished Creatures
  A vampire (D:5)
  Eustachio (D:6)
  A yak (D:6)
  A water moccasin (D:6)
  A sky beast (D:5)
  An ogre (D:5)
  2 centaurs
  A kobold brigand (D:5)
  3 scorpions
  A water moccasin zombie (D:5)
  A water moccasin skeleton (D:4)
  A bullfrog zombie (D:5)
  3 jellies
  7 hounds
  A centaur skeleton (D:6)
  An orc priest (D:4)
  An orc wizard (D:5)
  6 iguanas
  A killer bee zombie (D:3)
  3 hound skeletons
  13 adders
  8 river rats
  A shadow imp (D:5)
  A white imp (D:5)
  4 adder zombies (D:4)
  4 dart slugs
  4 worms (D:6)
  14 orcs
  11 endoplasms
  2 giant cockroaches
  5 goblins
  2 hobgoblins
  6 jackals
  7 kobolds
  5 quokkas
  7 ball pythons
  5 bats
  6 frilled lizards
  13 rats
156 creatures vanquished.

Vanquished Creatures (others)
  A withered plant (D:4)
1 creature vanquished.

Grand Total: 157 creatures vanquished

Notes
Turn   | Place    | Note
-------+----------+-------------------------------------------
     0 | D:1      | Zeld the Octopode Conjurer began the quest for the Orb.
     0 | D:1      | Reached XP level 1. HP: 11/11 MP: 3/3
    85 | D:1      | Reached XP level 2. HP: 10/17 MP: 0/5
   240 | D:1      | Learned a level 2 spell: Searing Ray
   288 | D:1      | Found a faded altar of an unknown god.
   778 | D:1      | Reached XP level 3. HP: 21/21 MP: 2/6
  1488 | D:2      | Found Axysilag's Weapon Boutique.
  1570 | D:2      | Reached XP level 4. HP: 23/27 MP: 0/8
  2281 | D:3      | Found a burning altar of Makhleb.
  2512 | D:3      | Found an ornate altar of the Wu Jian Council.
  2527 | D:3      | Identified the amulet "Worurhergh" {Regen+ rCorr Str+4}
  2649 | D:3      | Reached skill level 5 in Conjurations
  2649 | D:3      | Reached XP level 5. HP: 23/31 MP: 0/9
  3491 | D:4      | Noticed a centaur
  3733 | D:4      | Killed a centaur
  3734 | D:4      | Reached XP level 6. HP: 27/36 MP: 1/11
  3739 | D:4      | Learned a level 4 spell: Fulminant Prism
  3744 | D:4      | Learned a level 4 spell: Iskenderun's Mystic Blast
  4040 | D:4      | Identified the +1 cloak of the Fiddle {rPois rF+}
  4061 | D:4      | Reached skill level 5 in Stealth
  4068 | D:4      | Reached skill level 1 in Hexes
  4068 | D:4      | Reached XP level 7. HP: 41/41 MP: 5/13
  4148 | D:4      | Reached skill level 1 in Translocations
  4297 | D:4      | Found a hide-covered altar of Uskayaw.
  4423 | D:4      | Found a sacrificial altar of Ru.
  4602 | D:5      | Entered Level 5 of the Dungeon
  4612 | D:5      | Reached skill level 6 in Conjurations
  4858 | D:5      | Found a glowing golden altar of the Shining One.
  5071 | D:5      | Identified the ring "Moscheso" {Wiz rF+ Dex+3}
  5437 | D:5      | Reached skill level 5 in Spellcasting
  5437 | D:5      | Reached XP level 8. HP: 23/46 MP: 7/15
  5531 | D:5      | Noticed a vampire
  5536 | D:5      | Killed a vampire
  5537 | D:5      | Reached skill level 7 in Conjurations
  5965 | D:5      | Found an opulent altar of Gozag.
  6088 | D:5      | Found a broken altar of Ashenzari.
  6580 | D:6      | Found Wisocioch's Armour Shop.
  6669 | D:6      | Noticed a yak
  6669 | D:6      | Noticed a yak
  6670 | D:6      | Noticed a yak
  6691 | D:6      | Killed a yak
  6692 | D:6      | Reached skill level 8 in Conjurations
  6692 | D:6      | Reached XP level 9. HP: 31/51 MP: 10/18
  6879 | D:6      | Found a glowing drain.
  6890 | Sewer    | Entered a sewer
  7600 | D:6      | Noticed Eustachio
  7610 | D:6      | Killed Eustachio
  7720 | D:6      | Slain by a black bear

Illustrated notes

Levels and vault maps discovered:
D:1:      grunt_arrival_lava_bath, layout_loops_cross,
          chequers_ecumenical_altar_simple
D:2:      minmay_evil_eye, layout_basic, serial_shops, shop,
          nicolae_underground_beach
D:3:      layout_rooms, mainiacjoe_overflow_small_starburst,
          mainiacjoe_overflow_concentric_impassable, st_stairs_4
D:4:      layout_gridville, nicolae_uskayaw_suspiria,
          nicolae_ru_the_path_less_chosen, serial_undead, serial_undead_a,
          serial_undead_c, serial_undead_e, serial_undead_c, serial_undead_c,
          serial_undead_f
D:5:      kennysheep_windowed_halls, layout_loops_ring,
          nicolae_ashenzari_skybound, mainiacjoe_overflow_large_starburst,
          st_stairs_4
D:6:      minmay_cornered_nines, layout_loops_ring, lightli_sewer_entry_pipes,
          serial_shops, shop_statue, chequers_decorated_corner, uniq_eustachio

Skill      XL: |  1  2  3  4  5  6  7  8  9 |
---------------+----------------------------+-----
Stealth        | 3 4 5 7 |  7.9
Spellcasting   | 3 4 5 6 7 |  7.0
Conjurations   | 5 6 8 |  8.5
Hexes          | 1 2 |  2.0
Translocations | 2 |  2.0
Dodging        | |  2.0

Action                   |  1- 3 |  4- 6 |  7- 9 || total
-------------------------+-------+-------+-------++-------
Melee: Unarmed           |    12 |       |       ||    12
       Tentacles         |     4 |     1 |     6 ||    11
       Constrict         |     4 |     1 |     5 ||    10
       Staff             |     2 |     2 |    21 ||    25
 Cast: Magic Dart        |    48 |    71 |     2 ||   121
       Searing Ray       |     1 |    14 |    49 ||    64
       Iskenderun's Myst |       |       |    22 ||    22
  Use: Scroll            |       |       |     7 ||     7
 Stab: Sleeping          |       |       |     5 ||     5
       Distracted        |       |       |     1 ||     1
Armor: Skin              |     3 |     6 |     1 ||    10
Dodge: Dodged            |    17 |    33 |    65 ||   115
